 Dungeon Crawl Stone Soup version 0.24-a0-439-g6dd8730de2 (webtiles) character file.

Game seed: 13942591624913420909

331 Nattfarinn the Caller (level 6, -6/32 HPs)
             Began as a Tengu Summoner on June 18, 2019.
             Mangled by Pikel
             ... wielding a +2 whip of freezing
              (9 damage)
             ... on level 4 of the Dungeon.
             The game lasted 00:16:13 (4383 turns).

Nattfarinn the Caller (Tengu Summoner)              Turns: 4383, Time: 00:16:13

Health: -6/32      AC:  3    Str:  8    XL:     6   Next: 51%
Magic:  3/12       EV: 16    Int: 18    God:
Gold:   138        SH:  0    Dex: 14    Spells: 1/11 levels left

rFire    . . .     SeeInvis +   g - +1 spear
rCold    . . .     Gourm    .   (no shield)
rNeg     . . .     Faith    .   a - +0 robe
rPois    .         Spirit   .   (helmet restricted)
rElec    .         Reflect  .   o - +0 cloak
rCorr    .         Harm     .   (no gloves)
MR       .....                  (boots unavailable)
Stlth    ++........             (no amulet)
HPRegen  0.10/turn              i - ring of see invisible
MPRegen  0.13/turn              (no ring)

@: flying quickly and evasively, very slightly contaminated, quick
A: beak, talons 3, able to fly
a: Stop Flying


You were on level 4 of the Dungeon.
You were not hungry.

You visited 1 branch of the dungeon, and saw 4 of its levels.

You collected 138 gold pieces.

Inventory:

Hand Weapons
 g - a +1 spear (weapon)
Armour
 a - a +0 robe (worn)
 h - a +0 cloak
 o - a +0 cloak (worn)
Jewellery
 i - a ring of see invisible (left hand)
Scrolls
 b - 3 scrolls of teleportation
 f - 2 scrolls of identify
 j - a scroll of enchant weapon
Potions
 d - a potion of heal wounds {unknown}
 e - a potion of might
Comestibles
 c - 11 rations
 k - a chunk of flesh


   Skills:
 + Level 3.9 Dodging
 - Level 2.0 Stealth
 + Level 3.3 Spellcasting
 * Level 7.2 Summonings
 + Level 1.1 Ice Magic


You had one spell level left.
You knew the following spells:

 Your Spells              Type           Power        Failure   Level  Hunger
a - Summon Small Mammal   Summ           ####         1%          1    None
b - Summon Guardian Gole  Hex/Summ       ###.....     11%         3    ###....
c - Call Imp              Summ           ####....     1%          2    ##.....
d - Summon Ice Beast      Ice/Summ       ###.....     28%         4    ####...

Your spell library contained the following spells:

 Spells                   Type           Power        Failure   Level  Hunger
 Call Canine Familiar     Summ           ####....     2%          3    ###....
 Summon Lightning Spire   Summ/Air       ###.....     34%         4    ####...


Dungeon Overview and Level Annotations

Branches:
Dungeon (4/15)
 Temple: D:4-7

Altars:
Elyvilon
Qazlal

Annotations:
D:4 Pikel


Innate Abilities, Weirdness & Mutations

You have a beak for a mouth.
You have claws for feet.
You can fly continuously.


Message History

Pikel is almost dead.
Pikel hits you with a +2 whip of freezing.
Pikel freezes you.
* * * LOW HITPOINT WARNING * * *
Your shadow imp hits Pikel but does no damage.
Your crimson imp closely misses Pikel.
Your crimson imp closely misses the slave.
You closely miss Pikel. Your kick misses Pikel.
Pikel is almost dead.
Pikel hits you with a +2 whip of freezing.
* * * LOW HITPOINT WARNING * * *
Pikel freezes you.
* * * LOW HITPOINT WARNING * * *
Your crimson imp hits Pikel but does no damage.
Your shadow imp gestures at Pikel.
Pikel struggles to resist.
Your crimson imp hits the slave.
You barely miss Pikel.
Pikel is almost dead.
Pikel hits you with a +2 whip of freezing!
You die...

.##### 5# .# 5##### .....#
######### ####.## #...5...# #
###..5####.#####.# ##.####
....#........###5######.......
###...##.#.#....@Kppp5...%#
##.###...#..##5######.###
#.###.###..##.# .#
#..........##.# K#
###........##.# pp
###########.# .. #.#


.pp #.......... #####.... You could see Pikel, 3 slaves, 2 friendly crimson imps
and a friendly shadow imp.

Vanquished Creatures
  An orc priest (D:3)
  An orc wizard (D:4)
  A worm (D:3)
  2 leopard geckos (D:2)
  A ball python (D:3)
  2 goblins (D:2)
  3 hobgoblins
  A jackal (D:3)
  3 kobolds
  3 bats (D:3)
  A frilled lizard (D:1)
  7 rats
26 creatures vanquished.

Vanquished Creatures (collateral kills)
  Sigmund (D:2)
  An ogre (D:3)
  A hound (D:2)
  An orc wizard (D:4)
  Natasha (thrice) (D:4)
  Terence (D:2)
  A gnoll (D:1)
  4 adders
  2 oozes (D:1)
  2 worms
  2 leopard geckos
  7 orcs
  5 bats
  2 giant cockroaches
  6 goblins
  5 hobgoblins
  3 jackals (D:3)
  2 quokkas (D:2)
  6 frilled lizards
  5 kobolds
  2 rats (D:1)
62 creatures vanquished.

Vanquished Creatures (others)
  A quokka (D:2)
1 creature vanquished.

Grand Total: 89 creatures vanquished

Notes
Turn   | Place    | Note
-------+----------+-------------------------------------------
     0 | D:1      | Nattfarinn the Tengu Summoner began the quest for the Orb.
     0 | D:1      | Reached XP level 1. HP: 10/10 MP: 4/4
   139 | D:1      | Reached skill level 5 in Summonings
   230 | D:1      | Reached XP level 2. HP: 15/15 MP: 1/6
   618 | D:1      | Reached XP level 3. HP: 19/19 MP: 4/7
   722 | D:2      | Found a white marble altar of Elyvilon.
   770 | D:2      | Noticed Sigmund
   791 | D:2      | Learned a level 3 spell: Summon Guardian Golem
   938 | D:1      | Learned a level 2 spell: Call Imp
  1241 | D:2      | Noticed Terence
  1256 | D:2      | Killed Terence
  1422 | D:2      | Reached XP level 4. HP: 20/24 MP: 3/8
  1657 | D:2      | Reached skill level 6 in Summonings
  1924 | D:2      | Killed Sigmund
  1924 | D:2      | Gained mutation: You can fly continuously. [Tengu growth]
  1924 | D:2      | Reached XP level 5. HP: 28/28 MP: 1/10
  2204 | D:2      | Learned a level 4 spell: Summon Ice Beast
  2953 | D:3      | Noticed an ogre
  2996 | D:3      | Killed an ogre
  2996 | D:3      | Reached XP level 6. HP: 32/32 MP: 2/11
  3575 | D:3      | Reached skill level 7 in Summonings
  3646 | D:4      | Noticed Natasha
  3657 | D:4      | Killed Natasha
  3682 | D:4      | Noticed Natasha
  3693 | D:4      | Killed Natasha
  3819 | D:4      | Found a stormy altar of Qazlal.
  3856 | D:4      | Noticed Natasha
  4093 | D:4      | Reached skill level 1 in Ice Magic
  4267 | D:4      | Killed Natasha
  4339 | D:4      | Noticed a slave
  4353 | D:4      | Noticed Pikel
  4353 | D:4      | Noticed a slave
  4353 | D:4      | Noticed a slave
  4353 | D:4      | Noticed a slave
  4383 | D:4      | Mangled by Pikel

Levels and vault maps discovered:
D:1:      wander_arrival_abandoned_jail, layout_rooms, minmay_heptomino_w4
D:2:      layout_loops_corners, serial_glass, glass_columns_b, glass_columns_a,
          elyvilon_altar_4, uniq_sigmund, uniq_terence
D:3:      layout_loops_ring
D:4:      layout_loops_ring, grunt_qazlal_sundering, first_ration, uniq_pikel,
          uniq_grinder, uniq_natasha

Skill      XL: |  1  2  3  4  5  6 |
---------------+-------------------+-----
Summonings     | 5 6 7 |  7.2
Dodging        | 3 |  3.9
Spellcasting   | 3 |  3.3
Ice Magic      | 1 |  1.1
Stealth        | |  2.0

Action                   |  1- 3 |  4- 6 || total
-------------------------+-------+-------++-------
Melee: Unarmed           |     4 |       ||     4
       Peck              |     2 |     4 ||     6
       Spear             |    22 |    77 ||    99
       Kick              |     4 |    13 ||    17
 Cast: Summon Small Mamm |    30 |     8 ||    38
       Call Imp          |    13 |    58 ||    71
       Summon Guardian G |     1 |     2 ||     3
 Abil: Fly               |       |     1 ||     1
  Use: Scroll            |       |     6 ||     6
       Potion            |       |     2 ||     2
 Stab: Sleeping          |     4 |     5 ||     9
  Eat: Chunk             |     3 |    12 ||    15
Armor: Robe              |    10 |    11 ||    21
Dodge: Dodged            |    43 |    50 ||    93

Table legend:
 A = Non-vault XP
 B = Vault XP
 C = Vault XP percentage of total XP
 D = Non-vault monster count
 E = Vault monster count
 F = Vault count percentage of total count
                 A         B        C        D         E       F
            +---------+---------+-------+---------+---------+-------
      Total |     318 |     155 |  32.8 |      78 |      10 |  11.4
            +---------+---------+-------+---------+---------+-------
        D:1 |      25 |       9 |  26.5 |      13 |       7 |  35.0
        D:2 |      70 |     128 |  64.6 |      27 |       2 |   6.9
        D:3 |     127 |       0 |   0.0 |      29 |       0 |   0.0
        D:4 |      96 |      18 |  15.8 |       9 |       1 |  10.0
            +---------+---------+-------+---------+---------+-------
